 Dungeon Crawl Stone Soup version 0.31.0-1-g2c135a008e (webtiles) character file.

Game seed: 4320720181532909171

30 qw the Shooter (level 3, -2/28 HPs)
             Began as a Djinni Hunter on Jan 23, 2024.
             Killed by nerve-wracking pain
             ... invoked by Jessica
              (14 damage)
             ... on level 2 of the Dungeon.
             The game lasted 00:00:02 (789 turns).

qw the Shooter (Djinni Hunter)                       Turns: 789, Time: 00:00:03

Health: -2/28      AC:  5    Str: 10    XL:     3   Next: 37%
Gold:   4          EV: 11    Int: 10    God:
                   SH:  0    Dex: 18

rFire   + + .        a - +0 shortbow
rCold   x . .        (shield currently unavailable)
rNeg    . . .        d - +0 ring mail
rPois   inf          (no helmet)
rElec   .            (no cloak)
rCorr   .            (no gloves)
SInv    .            (boots unavailable)
Will    .....        (no amulet)
Stlth   +            (no ring)
HPRegen 0.24/turn    (no ring)
MPRegen 0.00/turn

%: infuse magic (-3 HP)
@: flying
A: sickness immunity, fire resistance 2, cold vulnerability 1, float, innate
caster, HP casting, extra vitality 1
a: no special abilities


You were on level 2 of the Dungeon.
You visited 1 branch of the dungeon, and saw 2 of its levels.

You collected 45 gold pieces.
You spent 41 gold pieces at shops.


Innate Abilities, Weirdness & Mutations

You are immune to sickness and miasma.
You are immune to poison.
Your flesh is very heat resistant. (rF++)
You are vulnerable to cold. (rC-)
You float through the air rather than walking.
You learn spells naturally, not from books.
Your magical power is your life essence.
You have superior vitality. (+4 MHP)


   Skills:
 + Level 2.0 Fighting
 - Level 4.0 Ranged Weapons
 - Level 1.0 Armour
 - Level 2.1 Dodging
 - Level 0.7 Stealth


You knew the following spells:

 Your Spells              Type           Power      Damage    Failure   Level
a - Slow                  Hex            0%         N/A       67%         1
Your spell library was empty.

Inventory:

Hand Weapons
 a - a +0 shortbow (weapon)
Armour
 d - a +0 ring mail (worn)
Scrolls
 c - a scroll of identify {unknown}
Potions
 b - a potion of curing {unknown}
 f - a potion of might
 h - a potion of invisibility {unknown}

Dungeon Overview and Level Annotations

Branches:
Dungeon (2/15)

Altars:
Fedhas

Shops:
D:2 *

Annotations:
D:2 Jessica


Message History

The bat closely misses you.
You shoot an arrow. The arrow completely misses the bat.
The bat hits you but does no damage.
You shoot an arrow. The arrow hits the bat.
You kill the bat!
There is an open door here.
You reach down and open the door.
Jessica the Apprentice Sorceress comes into view.
She is wielding a +4 dagger of holy wrath.
Found a scroll labelled RURRE ZEZICOOT.
You shoot an arrow. The arrow hits Jessica.
Jessica shouts!
Jessica is heavily wounded.
You hear a shout!
You shoot an arrow. The arrow closely misses Jessica.
You shoot an arrow. The arrow closely misses Jessica.
Jessica hits you with a +4 dagger of holy wrath.
Jessica casts a spell.
Jessica seems to speed up.
You shoot an arrow. The arrow hits Jessica.
Jessica is heavily wounded.
Jessica hits you with a +4 dagger of holy wrath.
A ribbon worm comes into view.
Jessica grins evilly.
Jessica mumbles some strange words.
Jessica blinks!
You shoot an arrow. The arrow barely misses Jessica.
Jessica gestures at you while chanting. You resist with some effort.
You shoot an arrow.
The arrow hits Jessica but does no damage.
Jessica is heavily wounded.
Jessica closely misses you.
You shoot an arrow. The arrow hits Jessica.
Jessica is almost dead.
Jessica points at you and mumbles some strange words.
Pain shoots through your body!
Jessica points at you and mumbles some strange words.
Pain shoots through your body!
Ouch! That really hurt!
You die...

#......#
##...###.#...#
#####.##
##.....##.....##
##.#.#
##.......###.##.##
###.###.#
#.....)...##.#...##
...## #..
+.........'.......#
###.#
####.........##.#...##
#.# #.......###.##.##
#.# ##.....## #.####
.# ##.@.## #.# # ##@##
#.# #w# #.. #.# ###
#.# ... ... ?..


You could see a ribbon worm and Jessica (fast).

Vanquished Creatures
  4 ball pythons (D:1)
  5 endoplasms
  2 goblins (D:2)
  5 hobgoblins
  2 quokkas
  2 bats
  7 frilled lizards (D:1)
  A rat (D:1)
28 creatures vanquished.

Notes
Turn   | Place    | Note
-------+----------+-------------------------------------------
     0 | D:1      | qw the Djinni Hunter began the quest for the Orb.
     0 | D:1      | Reached XP level 1. HP: 18/18 MP: 0/0
     0 | D:1      | 0 ||| qw: Version: 0.3-a-134-g2ba4250
     0 | D:1      | 0 ||| qw: Game counter: 672
     0 | D:1      | 0 ||| qw: Melee chars always use a shield: true
     0 | D:1      | 0 ||| qw: God list: Okawaru
     0 | D:1      | 0 ||| qw: Allow faded altars: false
     0 | D:1      | 0 ||| qw: Do Orc after clearing Dungeon:15 true
     0 | D:1      | 0 ||| qw: Do second Lair branch before Depths: true
     0 | D:1      | 0 ||| qw: Lair rune preference: random
     0 | D:1      | 0 ||| qw: Goals: Normal
     0 | D:1      | 0 ||| PLANNING D:1-11
   147 | D:1      | Reached XP level 2. HP: 23/23 MP: 0/0
   473 | D:1      | Reached XP level 3. HP: 28/28 MP: 0/0
   473 | D:1      | Learned a level 1 spell: Slow
   578 | D:1      | 578 ||| UPGRADING to +0 ring mail.
   588 | D:1      | 588 ||| DROPPING +0 leather armour.
   589 | D:1      | 589 ||| READING scroll labelled IMO IPHI WUNN.
   590 | D:1      | 590 ||| READING scroll labelled SIOQ DYUSHO.
   591 | D:1      | 591 ||| DRINKING 2 coppery potions.
   592 | D:1      | 592 ||| DROPPING scroll of butterflies.
   596 | D:2      | Reached skill level 4 in Ranged Weapons
   596 | D:2      | Found a blossoming altar of Fedhas.
   691 | D:2      | Found Qule's Assorted Antiques.
   697 | D:2      | 697 ||| SHOPLISTING fluorescent wand (88 gold, have 45).
   697 | D:2      | 697 ||| BUYING ruby potion (19 gold).
   697 | D:2      | Bought a ruby potion for 19 gold pieces
   697 | D:2      | 697 ||| BUYING scroll labelled RURRE ZEZICOOT (22 gold).
   697 | D:2      | Bought a scroll labelled RURRE ZEZICOOT for 22 gold pieces
   748 | D:2      | Reached skill level 1 in Armour
   782 | D:2      | Noticed Jessica
   789 | D:2      | Killed from afar by Jessica

Levels and vault maps discovered:
D:1:      eino_arrival_water_star, layout_loops_ring,
          corexii_item_surrounded_by_moat, minmay_lizard_pond
D:2:      layout_loops_corners, serial_shops, nicolae_shop_dealshenge,
          basic_altar, uniq_jessica

Skill      XL: |  1  2  3 |
---------------+----------+-----
Ranged Weapons | 4 |  4.0
Armour         | 1 |  1.0
Fighting       | |  2.0
Dodging        | |  2.1
Stealth        | |  0.7

Action                     || total
---------------------------++-------
   Fire: Shortbow          ||    82
    Use: Scroll            ||     2
         Potion            ||     1
 Armour: Leather armour    ||     5
         Ring mail         ||    13
  Dodge: Dodged            ||    16

Table legend:
 A = Non-vault XP
 B = Vault XP
 C = Vault XP percentage of total XP
 D = Non-vault monster count
 E = Vault monster count
 F = Vault count percentage of total count
                 A         B        C        D         E       F
            +---------+---------+-------+---------+---------+-------
      Total |      38 |       6 |  13.6 |      22 |       6 |  21.4
            +---------+---------+-------+---------+---------+-------
        D:1 |      23 |       6 |  20.7 |      14 |       6 |  30.0
        D:2 |      15 |       0 |   0.0 |       8 |       0 |   0.0
            +---------+---------+-------+---------+---------+-------
